 Dungeon Crawl Stone Soup version 0.25.1-1-g288607f5aa (webtiles) character file.

Game seed: 13654618623411171808

43515 protoss039 the Eclecticist (level 13, 0/63 HPs)
             Began as a Deep Elf Earth Elementalist on July 21, 2020.
             Was a High Priest of Sif Muna.
             Slain by a phantasmal warrior (23 damage)
             ... led by a death knight
             ... on level 14 of the Dungeon.
             The game lasted 01:51:58 (18911 turns).

protoss039 the Eclecticist (DEEE)                  Turns: 18911, Time: 01:51:59

Health: 0/63       AC: 11    Str:  5    XL:     13   Next: 91%
Magic:  5/37       EV: 14    Int: 26    God:    Sif Muna [*****.]
Gold:   711        SH:  0    Dex: 18    Spells: 8/49 levels left

rFire    + . .     SeeInvis +   A - +2 trident (venom)
rCold    + + .     Gourm    .   (no shield)
rNeg     . . .     Faith    .   D - +2 robe {rC+ rF+}
rPois    .         Spirit   .   (no helmet)
rElec    .         Reflect  .   l - +0 cloak
rCorr    +         Harm     .   k - +0 pair of gloves {Dex+3}
MR       +....                  h - +0 pair of boots of Amelioration {rC+ Regen+ SInv}
Stlth    ++........             I - amulet of magic regeneration
HPRegen  0.60/turn              P - ring of resist corrosion
MPRegen  0.50/turn              S - +4 ring of protection

@: about to teleport
A: no striking features
a: Channel Magic, Forget Spell, Divine Exegesis, Renounce Religion


You were on level 14 of the Dungeon.
You worshipped Sif Muna.
Sif Muna was extremely pleased with you.
You were near starving.

You visited 1 branch of the dungeon, and saw 14 of its levels.
You visited 1 bazaar.
You also visited: Ice Cave.

You collected 1529 gold pieces.
You spent 818 gold pieces at shops.

Inventory:

Hand Weapons
 A - a +2 trident of venom (weapon)
Missiles
 b - 196 stones (quivered)
Armour
 h - the +0 pair of boots of Amelioration (worn) {rC+ Regen+ SInv}
   (You found it on level 5 of the Dungeon)

   It protects you from cold.
   It lets you see invisible.
   It increases your rate of regeneration.
 i - a +0 buckler
 k - a +0 pair of gloves of dexterity (worn)
 l - a +0 cloak (worn)
 D - a +2 robe of resistance (worn)
 U - a +2 pair of gloves
Jewellery
 I - an amulet of magic regeneration (around neck)
 J - an uncursed amulet of faith {unknown}
 P - a ring of resist corrosion (left hand)
 Q - an uncursed amulet of reflection {unknown}
 R - an uncursed amulet of the acrobat {unknown}
 S - a +4 ring of protection (right hand)
Wands
 j - a wand of clouds (22)
 r - a wand of iceblast (11)
 y - a wand of enslavement (8)
 z - a wand of random effects (12)
 B - a wand of paralysis (11)
 F - a wand of flame (7)
 M - a wand of polymorph (12)
 O - a wand of digging (5)
Scrolls
 e - 4 scrolls of remove curse
 f - 2 scrolls of blinking
 g - 4 scrolls of amnesia
 m - 5 scrolls of teleportation
 n - 5 scrolls of fear {unknown}
 p - 5 scrolls of enchant armour
 q - a scroll of fog
 t - a scroll of magic mapping
 v - a scroll of enchant weapon
 E - a scroll of brand weapon
 L - 2 scrolls of vulnerability {unknown}
 T - a scroll of summoning {unknown}
Potions
 a - 2 potions of berserk rage {unknown}
 c - 2 potions of might {unknown}
 o - 6 potions of heal wounds {unknown}
 s - 4 potions of magic {unknown}
 u - 5 potions of brilliance {unknown}
 w - 2 potions of resistance
 x - 3 potions of lignification {unknown}
 C - a potion of curing
 G - 3 potions of degeneration {unknown}
 H - a potion of invisibility
 K - a potion of flight {unknown}
 N - a potion of mutation {unknown}
Comestibles
 d - 23 rations


   Skills:
 - Level 3.0 Dodging
 - Level 3.0 Stealth
 * Level 18.7 Spellcasting
 * Level 4.6 Conjurations
 - Level 2.0 Charms
 * Level 6.0 Summonings
 - Level 2.0 Transmutations
 - Level 4.0 Ice Magic
 * Level 15.2 Earth Magic
 - Level 10.0 Invocations


You had 8 spell levels left.
You knew the following spells:

 Your Spells              Type           Power        Failure   Level  Hunger
a - Sandblast             Erth           ######       0%          1    None
b - Passwall              Tmut/Erth      ######..     1%          2    None
c - Stone Arrow           Conj/Erth      ######       1%          3    None
d - Petrify               Tmut/Erth      ######..     1%          4    None
e - Lee's Rapid Deconstr  Erth           #######...   1%          5    None
f - Frozen Ramparts       Ice            #####.       1%          3    None
g - Ozocubu's Armour      Chrm/Ice       #####...     1%          3    None
h - Iron Shot             Conj/Erth      ######....   4%          6    ###....
i - Spellforged Servitor  Conj/Summ      ######....   87%         7    #####..
j - Orb of Destruction    Conj           #####.....   93%         7    #####..

Your spell library contained the following spells:

 Spells                   Type           Power        Failure   Level  Hunger
 Corona                   Hex            ###....      1%          1    None
 Freeze                   Ice            ####         1%          1    None
 Leda's Liquefaction      Hex/Erth       ######....   1%          4    None
 Slow                     Hex            ###.....     2%          2    None
 Dazzling Flash           Conj/Hex       #####.       2%          3    None
 Static Discharge         Conj/Air       #####...     2%          3    None
 Summon Ice Beast         Ice/Summ       ######..     2%          4    None
 Mephitic Cloud           Conj/Pois/Air  ####....     3%          3    None
 Hailstorm                Conj/Ice       #####...     3%          4    None
 Bolt of Magma            Conj/Fire/Erth ######....   3%          5    None
 Inner Flame              Hex/Fire       ###.....     5%          3    None
 Tukima's Dance           Hex            ###.....     5%          3    None
 Ice Form                 Ice/Tmut       #####...     5%          4    None
 Iskenderun's Battlesphe  Conj/Chrm      #####...     13%         5    None
 Summon Forest            Summ/Tloc      #####.....   16%         5    None
 Cause Fear               Hex            ###.......   19%         4    None
 Lightning Bolt           Conj/Air       #####.....   21%         5    None
 Lehudib's Crystal Spear  Conj/Erth      ######....   91%         8    ######.
 Invisibility             Hex            ###.....     96%         6    ###....
 Chain Lightning          Conj/Air       #####.....   100%        8    ######.
 Ignition                 Fire           ###.......   100%        8    ######.
 Shatter                  Erth           #######...   98%         9    #######
 Absolute Zero            Ice            #####.....   100%        9    #######
 Tornado                  Air            ###.......   100%        9    #######


Dungeon Overview and Level Annotations

Branches:
Dungeon (14/15)            Temple (0/1) D:5            Lair (0/6) D:11
    Orc (0/2) D:11         Vaults (0/5) D:13          IceCv (visited)

Altars:
Ashenzari
Elyvilon
Fedhas
Gozag
Hepliaklqana
Makhleb
Nemelex Xobeh
Qazlal
Sif Muna
Trog
Vehumet
The Shining One

Shops:
D:6 :   D:7 :   D:12 (

Annotations:
D:4 Melfegor's ghost, amateur MiGl
D:13 Jorgrun
D:14 Agnes


Message History

Confirm with . or Enter, or press ? or * to list all spells.
Aiming: Lee's Rapid Deconstruction (safe; 1% risk of failure)
Press: ? - help, Dir - move target cursor A rock wall.
The wall shatters!
The blast of rock fragments hits the death knight!!
The death knight is almost dead.
The blast of rock fragments hits the phantasmal warrior!!
The phantasmal warrior is heavily damaged.
The phantasmal warrior blinks!
The death knight hits you with a +0 morningstar.
Unknown command.
As you read the scroll of teleportation, it crumbles to dust.
You feel strangely unstable. The phantasmal warrior hits you.
Unknown command.
Unknown command.
Unknown command.
The death knight invokes the aid of Yredelemnul against you.
Your body is wracked with pain!
The phantasmal warrior hits you!!
You die...

.........#
##....#..##...W.# ##.
.........##
#....#.....#..## #.♣
..........# ##..##...###..#
###♣. ..........# ##.##.###
#.####.♣.. ..........##
###§## ### #P..P≈
...........# ###.# #...♣≈
...........####.p## #...♣≈
##..........Z..W.## ##..P≈
######....((##..@.# ###..
#......###)###.##.## ##.
..P...## #[.#.PP≈..## ##
##.≈≈P# #..P≈≈≈≈...##
#P≈≈P# #.≈.≈P≈.....##
#P♣≈.#**#.P≈≈≈≈≈.....##
#.P≈≈#,,..≈≈♣≈≈.......##
#P≈♣.P.##.≈≈≈≈≈........##
#PP≈≈PP.#)≈≈P...........###


You could see a death knight, a phantasmal warrior and a wyvern skeleton.

Vanquished Creatures
  Kirke (D:14)
  Josephine (D:10)
  3 vault guards
  2 ice dragons (IceCv)
  A hydra (D:14)
  2 centaur warriors (D:14)
  2 two-headed ogres
  A death yak (D:11)
  A skeletal warrior (D:14)
  An unseen horror (D:14)
  2 wizards (D:13)
  An orc knight (D:7)
  4 necromancers (D:13)
  4 ugly things
  An orc sorcerer (D:7)
  A cyclops (D:14)
  Psyche (D:8)
  4 centaur zombies
  2 ice statues (IceCv)
  An elephant (D:11)
  A gargoyle (D:12)
  2 rime drakes (IceCv)
  2 kobold demonologists
  2 freezing wraiths (D:14)
  A yaktaur (D:12)
  2 hornets
  5 hippogriffs
  4 slime creatures (D:14)
  2 wyverns
  5 wraiths (D:10)
  A basilisk (D:14)
  26 yaks
  14 humans (D:13)
  14 wargs (D:7)
  5 hungry ghosts
  Menkaure (D:5)
  Edmund (D:5)
  A soldier ant (D:14)
  2 water moccasins
  25 ice beasts
  18 orc warriors
  A sky beast (D:11)
  2 eyes of draining
  3 black bears
  4 phantoms
  5 ogres
  3 centaurs
  3 crocodiles (D:11)
  5 big kobolds
  9 bullfrogs
  15 killer bees
  4 scorpions
  7 wights
  6 howler monkeys
  An electric eel (D:10)
  3 crimson imps
  2 bullfrog zombies
  A quasit (D:8)
  9 orc priests
  11 hounds
  2 jellies (D:8)
  17 orc wizards
  4 centaur skeletons
  Terence (D:3)
  A bullfrog skeleton (D:13)
  5 iguanas
  22 worker ants
  A killer bee zombie (D:9)
  2 hound skeletons
  A worker ant zombie (D:11)
  A howler monkey skeleton (D:11)
  4 gnolls (D:4)
  19 adders
  3 shadow imps
  An adder skeleton (D:4)
  8 worms
  5 dart slugs
  6 leopard geckos
  92 orcs
  2 ball pythons
  10 bats
  10 giant cockroaches
  5 goblins
  3 hobgoblins
  13 jackals
  5 quokkas
  8 frilled lizards
  A jackal skeleton (D:2)
  22 kobolds
  A leopard gecko skeleton (D:4)
  A leopard gecko zombie (D:5)
  6 rats
546 creatures vanquished.

Vanquished Creatures (others)
  5 humans (D:14)
  A bullfrog (D:14)
  An orc (D:14)
  A quokka (D:8)
  3 fungi (D:11)
  24 plants
35 creatures vanquished.

Grand Total: 581 creatures vanquished

Notes
Turn   | Place    | Note
-------+----------+-------------------------------------------
     0 | D:1      | protoss039 the Deep Elf Earth Elementalist began the quest
                  | for the Orb.
     0 | D:1      | Reached XP level 1. HP: 10/10 MP: 6/6
   305 | D:1      | Reached XP level 2. HP: 15/15 MP: 6/8
  1069 | D:2      | Reached XP level 3. HP: 17/19 MP: 7/10
  1285 | D:2      | Reached skill level 4 in Spellcasting
  1289 | D:2      | Learned a level 2 spell: Passwall
  1293 | D:2      | Learned a level 3 spell: Stone Arrow
  1528 | D:2      | Reached XP level 4. HP: 24/24 MP: 7/12
  1679 | D:2      | Found a glowing golden altar of the Shining One.
  2233 | D:3      | Noticed Terence
  2246 | D:3      | Learned a level 4 spell: Petrify
  2343 | D:3      | Noticed a centaur
  3073 | D:3      | Noticed a moth of wrath
  3124 | D:3      | Killed a centaur
  3124 | D:3      | Reached skill level 5 in Spellcasting
  3124 | D:3      | Reached skill level 5 in Earth Magic
  3124 | D:3      | Reached XP level 5. HP: 6/28 MP: 6/15
  3375 | D:3      | Found a bloodstained altar of Trog.
  3526 | D:3      | Reached skill level 1 in Conjurations
  4041 | D:3      | Learned a level 5 spell: Lee's Rapid Deconstruction
  4232 | D:4      | Found a shimmering blue altar of Sif Muna.
  4272 | D:4      | Reached skill level 6 in Spellcasting
  4422 | D:4      | Reached XP level 6. HP: 31/32 MP: 11/17
  4861 | D:4      | Reached skill level 7 in Spellcasting
  5330 | D:4      | Reached XP level 7. HP: 36/36 MP: 6/19
  5645 | D:5      | Entered Level 5 of the Dungeon
  5937 | D:5      | Reached skill level 8 in Spellcasting
  6037 | D:5      | Found a runed translucent door.
  6057 | D:4      | Became a worshipper of Sif Muna the Loreminder
  6113 | D:5      | Got a pair of heavily runed boots
  6119 | D:5      | Identified the cursed +0 pair of boots of Amelioration {rC+
                  | Regen+ SInv} (You found it on level 5 of the Dungeon)
  6166 | D:5      | Noticed Melfegor's ghost (amateur MiGl)
  6173 | D:5      | Noticed Edmund
  6223 | D:5      | Killed Edmund
  6378 | D:5      | Found a staircase to the Ecumenical Temple.
  6638 | D:3      | Killed Terence
  6818 | D:5      | Noticed Menkaure
  6822 | D:5      | Reached skill level 9 in Spellcasting
  6826 | D:5      | Killed Menkaure
  6826 | D:5      | Reached XP level 8. HP: 20/41 MP: 6/23
  6975 | D:5      | Found a radiant altar of Vehumet.
  7198 | D:6      | Found a hazy altar of Hepliaklqana.
  7326 | D:6      | Reached skill level 1 in Invocations
  7347 | D:6      | Reached skill level 10 in Spellcasting
  7652 | D:6      | Found Ytarch's Book Boutique.
  7665 | D:6      | Reached * piety under Sif Muna
  7785 | D:6      | Learned a level 3 spell: Frozen Ramparts
  7799 | D:6      | Learned a level 3 spell: Ozocubu's Armour
  7992 | D:7      | Found a sparkling altar of Nemelex Xobeh.
  8017 | D:7      | Reached XP level 9. HP: 45/45 MP: 14/25
  8018 | D:7      | Reached skill level 11 in Spellcasting
  8018 | D:7      | Reached skill level 1 in Charms
  8018 | D:7      | Reached skill level 1 in Ice Magic
  8498 | D:7      | Found Wuylymo's Book Boutique.
  8992 | D:7      | Reached ** piety under Sif Muna
  9035 | D:7      | Noticed an orc sorcerer
  9223 | D:7      | Killed an orc sorcerer
  9223 | D:7      | Reached skill level 12 in Spellcasting
  9553 | D:7      | Reached XP level 10. HP: 50/50 MP: 19/28
  9593 | D:7      | Reached skill level 10 in Earth Magic
 10018 | D:7      | Noticed an orc knight
 10030 | D:7      | Killed an orc knight
 10030 | D:7      | Reached skill level 5 in Invocations
 10276 | D:7      | Reached *** piety under Sif Muna
 10468 | D:7      | Reached skill level 13 in Spellcasting
 10518 | D:8      | Paralysed by a hornet for 3 turns
 10722 | D:8      | Found a white marble altar of Elyvilon.
 10915 | D:8      | Found an opulent altar of Gozag.
 10953 | D:8      | Noticed a two-headed ogre
 10969 | D:8      | Killed a two-headed ogre
 11038 | D:8      | Reached XP level 11. HP: 42/54 MP: 15/30
 11239 | D:8      | Noticed Psyche
 11253 | D:8      | Killed Psyche
 11540 | D:9      | Found a shattered altar of Ashenzari.
 11631 | D:9      | Reached **** piety under Sif Muna
 11648 | D:9      | Reached skill level 14 in Spellcasting
 12175 | D:9      | Found a blossoming altar of Fedhas.
 12180 | D:9      | Found a stormy altar of Qazlal.
 12405 | D:10     | Entered Level 10 of the Dungeon
 12414 | D:10     | Reached ***** piety under Sif Muna
 12414 | D:10     | Identified Sif Muna's Guide on Blows and Bruises (Sif Muna
                  | gifted it to you on level 10 of the Dungeon)
 12414 | D:10     | Received a gift from Sif Muna
 12827 | D:10     | Noticed Josephine
 12979 | D:10     | Killed Josephine
 13159 | D:10     | Reached skill level 15 in Spellcasting
 13694 | D:11     | Noticed a death yak
 13696 | D:11     | Found a staircase to the Lair.
 13710 | D:11     | Killed a death yak
 13821 | D:11     | Reached XP level 12. HP: 44/59 MP: 13/33
 14427 | D:11     | Reached skill level 16 in Spellcasting
 14530 | D:11     | Found a staircase to the Orcish Mines.
 14681 | D:12     | Identified Sif Muna's Disquisition on the Captivating
                  | Frostbite (Sif Muna gifted it to you on level 12 of the
                  | Dungeon)
 14681 | D:12     | Received a gift from Sif Muna
 14816 | D:7      | Bought a book of Power for 720 gold pieces
 14823 | D:7      | Learned a level 6 spell: Iron Shot
 14831 | D:7      | Learned a level 7 spell: Spellforged Servitor
 14839 | D:7      | Learned a level 7 spell: Orb of Destruction
 14963 | D:12     | Found a burning altar of Makhleb.
 15101 | D:12     | Reached skill level 1 in Summonings
 15170 | D:12     | Found Parphyel's Antique Weapon Shop.
 15262 | D:12     | Found a frozen archway.
 15292 | IceCv    | Entered an ice cave
 15590 | IceCv    | Noticed an ice dragon
 15591 | IceCv    | Noticed an ice dragon
 15794 | IceCv    | Killed an ice dragon
 15794 | IceCv    | Reached skill level 17 in Spellcasting
 15958 | IceCv    | Killed an ice dragon
 16544 | D:13     | Noticed Jorgrun
 16961 | D:13     | Identified Sif Muna's Grimoire of the Entrancing Escort
                  | (Sif Muna gifted it to you on level 13 of the Dungeon)
 16961 | D:13     | Received a gift from Sif Muna
 17000 | D:13     | Reached XP level 13. HP: 35/63 MP: 21/36
 17431 | D:13     | Found a gate to the Vaults.
 17464 | D:13     | Reached skill level 18 in Spellcasting
 17598 | D:14     | Noticed Kirke
 17609 | D:14     | Killed Kirke
 17609 | D:14     | Reached skill level 5 in Summonings
 17704 | D:14     | Found a flickering gateway to a bazaar.
 17712 | Bazaar   | Entered a bazaar
 17712 | Bazaar   | Found Tujik's Jewellery Boutique.
 17712 | Bazaar   | Found Sutif's Weapon Boutique.
 17751 | Bazaar   | Found Apsine's Armour Boutique.
 17800 | Bazaar   | Found Lehumioh's General Store.
 17808 | Bazaar   | Bought a scroll of magic mapping for 31 gold pieces
 17808 | Bazaar   | Bought a scroll of enchant armour for 67 gold pieces
 18082 | D:14     | Reached skill level 10 in Invocations
 18256 | D:14     | Reached skill level 15 in Earth Magic
 18687 | D:14     | Noticed Agnes
 18911 | D:14     | Slain by a phantasmal warrior

Illustrated notes

Levels and vault maps discovered:
D:1:      dpeg_arrival_simpleton_a, layout_basic
D:2:      layout_basic, nicolae_tso_swordbearing_angel, grunt_decor_cap
D:3:      layout_loops_ring, first_ration, tgw_trog, uniq_terence
D:4:      layout_loops_corners, nicolae_overflow_hidden_temple, minmay_bent
D:5:      layout_rooms, nicolae_overflow_crystal_walls,
          minmay_temple_entry_ruins, ebering_ghost_sewer_d,
          hangedman_abyss_or_decor_stabs, zaba_anthole, uniq_menkaure,
          uniq_edmund
D:6:      layout_rooms, old_standard_altar, serial_shops, nicolae_shop_crystal,
          st_stairs_14
D:7:      lemuel_castle_with_subvaults [lemuel_castle_interior_carwin_1],
          layout_gridville, nemelex_xobeh_ov_fountains_minmay, serial_shops,
          nicolae_shop_window_shopping
D:8:      layout_cave_pools, nicolae_gozag_seed_capital, grunt_decor_fettered,
          blue_anna_alchemist [blue_anna_fruit_fields, blue_anna_fruit_fields],
          elyvilon_altar_4, uniq_psyche
D:9:      layout_cave_pools, cheibrodos_ashenzari_chains,
          grunt_temple_overflow_forces_of_nature
D:10:     layout_basic, uniq_josephine
D:11:     layout_rooms, david_lair_generic, david_orc_4
D:12:     layout_cave_pools, portal_ice_cave_entry_ice_beasts, serial_shops,
          shop, bloody_makhleb
D:13:     layout_roguey, grunt_vaults_entry_tiered, uniq_jorgrun
D:14:     layout_cave_pods, serial_shops, bzr_entry_road, serial_bayou,
          serial_bayou_lagoon_a, serial_bayou_shore_b, serial_bayou_pond_a,
          serial_bayou_ford_a, uniq_kirke, uniq_agnes

Skill      XL: |  1  2  3  4  5  6  7  8  9 10 11 12 13 |
---------------+----------------------------------------+-----
Stealth        | 3 |  3.0
Dodging        | 3 |  3.0
Earth Magic    | 4 5 6 7 8 9 11 12 14 15 | 15.2
Spellcasting   | 4 5 6 7 9 10 12 13 15 17 18 | 18.7
Conjurations   | 1 3 4 |  4.6
Invocations    | 3 4 6 8 9 10 | 10.0
Charms         | 2 |  2.0
Ice Magic      | 3 4 |  4.0
Transmutations | 2 |  2.0
Summonings     | 3 6 |  6.0

Action                   |  1- 3 |  4- 6 |  7- 9 | 10-12 | 13-15 || total
-------------------------+-------+-------+-------+-------+-------++-------
Melee: Unarmed           |    10 |       |       |       |       ||    10
       Dagger            |    33 |    31 |       |       |       ||    64
       Trident           |       |       |    50 |   262 |    21 ||   333
 Cast: Sandblast         |    38 |    61 |    40 |    83 |    12 ||   234
       Stone Arrow       |     3 |    44 |    84 |   127 |    23 ||   281
       Lee's Rapid Decon |       |       |    25 |   140 |    81 ||   246
       Frozen Ramparts   |       |       |     1 |     2 |     1 ||     4
       Petrify           |       |       |       |     9 |     1 ||    10
       Iron Shot         |       |       |       |       |     5 ||     5
       Ozocubu's Armour  |       |       |       |       |     2 ||     2
       Passwall          |       |       |       |       |     1 ||     1
  Use: Potion            |       |     2 |       |       |     1 ||     3
       Scroll            |       |       |     7 |     7 |     3 ||    17
 Stab: Sleeping          |     7 |     2 |     1 |     3 |       ||    13
       Distracted        |       |     1 |       |     2 |       ||     3
  Eat: Chunk             |     2 |    13 |    16 |    21 |     5 ||    57
       Ration            |       |       |       |     2 |       ||     2
Armor: Robe              |    17 |     7 |     4 |    74 |     9 ||   111
Dodge: Dodged            |    52 |    52 |    71 |   277 |    38 ||   490
